Map: Odyssey LE

Players

xxxSanicxxx

  • Race: Protoss Protoss
  • League: Diamond
  • Spawn Location: 11:00

LaFantome - Winner!

  • Race: Zerg Zerg
  • Spawn Location: 5:00

VOD

Have the link to the VOD?

Description

Time

  • Played on: Jan. 5, 2018, 2:58 p.m.
  • Length: 10:31
Show
View Real Time Build Order
Export as new Build Order

xxxSanicxxx Protoss 

Build Orders: 1 Gate Expand 

Get SALT Encoding   

  12  0:00  Probe  
  13  0:12  Probe  
  14  0:19  Pylon  
  14  0:24  Probe  
  15  0:37  Probe  
  15  0:39  Gateway  
  16  0:45  Assimilator  
  17  0:50  Probe  
  17  1:02  Probe  
  18  1:14  Probe  
  19  1:31  Probe (Chrono Boost)  
  20  1:37  Nexus  
  20  1:41  Probe (Chrono Boost)  
  21  1:47  Cybernetics Core  
  21  1:54  Assimilator  
  21  1:56  Probe (Chrono Boost)  
  22  2:07  Probe (Chrono Boost)  
  23  2:21  Warp Gate (Chrono Boost), Pylon  
  23  2:30  Twilight Council  
  23  2:39  Probe  
  24  2:48  Adept  
  26  2:56  Probe x2  
  28  3:05  Robotics Facility  
  27  3:08  Probe x2  
  29  3:13  Gateway  
  29  3:16  Stalker (Chrono Boost)  
  31  3:21  Probe (Chrono Boost)  
  31  3:22  Probe (Chrono Boost)  
  31  3:26  Resonating Glaives  
  33  3:33  Probe (Chrono Boost)  
  35  3:38  Probe (Chrono Boost)  
  35  3:39  Probe (Chrono Boost)  
  36  3:44  Probe  
  36  3:48  Gateway  
  37  3:52  Probe  
  38  3:56  Probe  
  38  4:00  Immortal (Chrono Boost)  
  43  4:04  Probe  
  43  4:09  Probe  
  45  4:12  Gateway  
  45  4:18  Pylon  
  45  4:25  Pylon  
  45  4:41  Adept x2  
  47  4:58  Probe x2  
  49  5:00  Immortal  
  49  5:07  Gateway  
  53  5:08  Gateway  
  53  5:12  Pylon  
  53  5:16  Pylon  
  53  5:17  Gateway  
  53  5:22  Pylon  
  53  5:23  Stalker x2  
  53  5:25  Stalker  
  59  5:31  Stalker  
  61  5:38  Immortal (Chrono Boost), Probe  
  66  5:55  Sentry x2  
  66  5:56  Adept x2  
  74  6:01  Pylon  
  74  6:03  Pylon  
  74  6:06  Pylon  
  74  6:07  Gateway  
  74  6:10  Gateway  
  74  6:11  Gateway  
  74  6:12  Warp Prism (Chrono Boost)  
  76  6:21  Pylon  
  76  6:24  Adept x2  
  80  6:31  Adept x2  
  84  6:38  Adept  
  84  6:39  Adept  
  88  6:40  Adept  
  88  6:46  Observer  
  57  7:17  Adept  
  57  7:18  Adept x4  
  57  7:19  Adept x2  
  71  7:41  Adept x2  
  71  7:42  Adept x4  
  71  7:43  Adept  
  85  7:59  Zealot x3  
  85  8:00  Zealot x3  
  53  8:26  Adept x4  
  61  8:27  Adept x2  
  61  8:28  Adept x2  
  69  8:42  Probe (Chrono Boost)  
  69  8:43  Probe (Chrono Boost)  
  71  8:52  Probe x2 (Chrono Boost)  
  73  8:59  Adept x2  
  73  9:00  Adept x3  
  73  9:01  Adept x3  
  89  9:18  Pylon  
  89  9:21  Adept x2  
  89  9:22  Adept  
Show
View Real Time Build Order
Export as new Build Order

LaFantome Zerg - Winner!

Build Orders: Hatch First 

Get SALT Encoding   

  12  0:01  Drone  
  13  0:12  Overlord  
  13  0:20  Drone  
  14  0:30  Drone x2  
  16  0:50  Hatchery  
  16  0:53  Drone  
  16  0:57  Drone  
  16  1:00  Drone  
  18  1:12  Extractor  
  18  1:17  Spawning Pool  
  16  1:20  Drone  
  17  1:26  Drone  
  17  1:30  Drone  
  19  1:46  Overlord  
  19  1:54  Drone  
  20  2:04  Zergling x2  
  20  2:05  Queen x2  
  20  2:06  Drone  
  26  2:15  Drone x2  
  28  2:23  Metabolic Boost  
  28  2:29  Drone x2  
  30  2:39  Drone, Overlord  
  31  2:47  Queen  
  33  2:57  Drone  
  33  2:58  Drone, Hatchery  
  34  3:06  Zergling x4  
  34  3:07  Evolution Chamber  
  34  3:08  Zergling x2  
  36  3:18  Drone x4  
  40  3:23  Drone x2  
  42  3:35  Drone x2  
  42  3:39  Overlord x2  
  42  3:40  Spore Crawler  
  43  3:58  Drone  
  43  3:59  Drone x6  
  43  4:01  Extractor  
  49  4:03  Extractor  
  49  4:04  Zerg Melee Weapons Level 1  
  49  4:07  Zergling x4  
  50  4:13  Zergling x2  
  50  4:16  Overlord  
  51  4:18  Overlord  
  51  4:41  Drone, Zergling x2  
  51  4:42  Zergling x14  
  56  5:10  Drone x3, Baneling Nest  
  56  5:11  Zergling x12  
  56  5:12  Zergling x12  
  70  5:19  Lair  
  70  5:20  Drone  
  70  5:21  Overlord x2  
  71  5:31  Zergling x8  
  75  5:38  Overlord x2  
  74  6:06  Zergling x2  
  74  6:07  Zergling x16  
  83  6:16  Zerg Melee Weapons Level 2  
  83  6:18  Centrifical Hooks  
  83  6:20  Zergling x2  
  83  6:21  Zergling x4  
  83  6:25  Baneling x6  
  86  6:26  Baneling x4  
  86  6:35  Overseer  
  86  6:38  Zergling x2  
  86  6:39  Zergling x16  
  63  7:13  Zergling x12  
  63  7:14  Zergling x18  
  74  7:23  Drone x3  
  74  7:27  Hydralisk Den  
  74  7:29  Extractor  
  75  7:33  Zergling x2  
  75  7:34  Zergling x22  
  75  7:36  Baneling x8  
  75  7:37  Baneling x9  
  86  7:59  Muscular Augments  
  75  8:16  Hydralisk x5  
  74  8:26  Drone x10  
  84  8:34  Drone  
  84  8:35  Drone x8  
  92  8:56  Overlord, Extractor  
  92  8:57  Overlord x2  
  92  8:58  Extractor, Zergling x2  
  92  8:59  Zergling x12  
  92  9:02  Overlord x5  
  97  9:08  Zergling x2  
  98  9:15  Baneling x6  
  98  9:16  Baneling x9, Zergling x2  
  98  9:17  Zergling x2  
  100  9:24  Overseer  
  100  9:25  Overseer x3  
  100  9:26  Zergling x2  
  100  9:27  Zergling x4  
  93  9:53  Drone  
  93  10:05  Drone x3  
  93  10:06  Hatchery  
  93  10:07  Drone x9  
  93  10:08  Drone x3, Extractor  
Tags
 
Add a new tag
Caveats
  • Supply blocks, unpowered buildings, or Contaminate may cause inaccurate times.
  • Supply counts are checked every 10 seconds.